 Dungeon Crawl Stone Soup version 0.26.1-11-gd32895ea62 (webtiles) character file.

Game seed: 2213481052492757846

724 Zeld the Cruncher (level 7, -6/45 HPs)
             Began as an Octopode Gladiator on May 22, 2021.
             Killed from afar by an orc wizard (12 damage)
             ... with a puff of flame
             ... on level 4 of the Dungeon.
             The game lasted 00:02:23 (4151 turns).

Zeld the Cruncher (Octopode Gladiator)              Turns: 4151, Time: 00:02:24

Health: -6/45      AC:  1    Str: 16    XL:     7   Next: 71%
Magic:  7/7        EV: 14    Int: 10    God:
Gold:   163        SH:  0    Dex: 13    Spells: 6/6 levels left

rFire    . . .     SeeInvis .   a - +0 quarterstaff
rCold    . . .     Faith    .   (shield currently unavailable)
rNeg     . . .     Spirit   .   b - +0 hat
rPois    .         Reflect  .   (no amulet)
rElec    .         Harm     .   (no ring)
rCorr    .         Rampage  .   (no ring)
Will     .....                  (no ring)
Stlth    ++........             (no ring)
HPRegen  0.15/turn              (no ring)
MPRegen  0.10/turn              (no ring)
                                (no ring)
                                (no ring)

@: lethally poisoned (-6 -> -7)
A: almost no armour, stealthy swim, amphibious, 8 rings, constrict 8, camouflage
1, gelatinous body 1
a: no special abilities


You were on level 4 of the Dungeon.
You visited 1 branch of the dungeon, and saw 4 of its levels.

You collected 163 gold pieces.

Inventory:

Hand Weapons
 a - a +0 quarterstaff (weapon)
Missiles
 c - 3 throwing nets
 r - 19 poisoned darts (quivered)
Armour
 b - a +0 hat (worn)
Jewellery
 h - a cursed +4 ring of evasion {unknown}
Wands
 s - a wand of flame (10)
Scrolls
 d - a scroll of immolation {unknown}
 e - 2 scrolls of noise {unknown}
 i - 2 scrolls of remove curse {unknown}
 j - 2 scrolls of identify {unknown}
 l - a scroll of enchant weapon {unknown}
 n - a scroll of blinking {unknown}
 o - a scroll of teleportation {unknown}
 q - a scroll of magic mapping {unknown}
Potions
 f - 2 potions of heal wounds
 g - a potion of lignification {unknown}
 k - 2 potions of brilliance {unknown}
 m - a potion of curing {unknown}
 p - 3 potions of might {unknown}


   Skills:
 - Level 2.0 Fighting
 * Level 8.8 Staves
 - Level 2.0 Throwing
 - Level 3.0 Dodging


You had 6 spell levels left.
You didn't know any spells.
Your spell library was empty.

Dungeon Overview and Level Annotations

Branches:
Dungeon (4/15)
 Temple: D:4-7

Altars:


Innate Abilities, Weirdness & Mutations

You cannot wear most types of armour.
You are very stealthy in the water. (Stealth+)
You are amphibious.
You can wear up to eight rings at the same time.
You can use your tentacles to constrict eight enemies at once.
Your skin changes colour to match your surroundings (Stealth+).
Your rubbery body absorbs attacks. (AC +1, EV +1)


Message History

Things that are here:
a +0 dagger; a +0 robe You barely miss something.
You squeeze something. Something hits you. x2
* * * LOW HITPOINT WARNING * * *
You closely miss something.
You hear some strange, mumbled words.
A puff of frost appears from out of thin air!
The puff of frost misses you.
You miss something. You squeeze something!
You feel sick. Something hits you.
* * * LOW HITPOINT WARNING * * *
The orc hits you but does no damage. Something hits you.
* * * LOW HITPOINT WARNING * * *
Things that are here:
a +0 dagger; a +0 robe Something hits you but does no damage.
You hear some strange, mumbled words.
A puff of flame appears from out of thin air!
The puff of flame hits you!
You die...

###.# ...#
###.#############
#.......oZo..†..#
#.#.##########Z##
#.#<......##o#
#o#######.##.#
..........##o#
.....|.....@.{#
#....###########
#....# #....#
#....#


You could see an orc.

Vanquished Creatures
  Grinder (D:3)
  Sigmund (D:3)
  Duvessa (D:4)
  Dowan (D:4)
  An orc wizard (D:3)
  An orc priest (D:3)
  2 worker ants (D:4)
  5 adders
  A worm (D:2)
  6 orcs
  2 ball pythons
  4 giant cockroaches
  6 goblins
  11 hobgoblins
  7 jackals (D:1)
  6 kobolds
  5 bats
  4 frilled lizards
  9 rats
74 creatures vanquished.

Notes
Turn   | Place    | Note
-------+----------+-------------------------------------------
     0 | D:1      | Zeld the Octopode Gladiator began the quest for the Orb.
     0 | D:1      | Reached XP level 1. HP: 14/14 MP: 1/1
    52 | D:1      | Reached XP level 2. HP: 12/19 MP: 2/2
   560 | D:1      | Reached skill level 4 in Staves
   599 | D:1      | Reached XP level 3. HP: 13/24 MP: 3/3
  1640 | D:2      | Reached XP level 4. HP: 29/29 MP: 4/4
  1922 | D:2      | Reached skill level 5 in Staves
  2236 | D:3      | Noticed Grinder
  2245 | D:3      | Killed Grinder
  2246 | D:3      | Reached skill level 6 in Staves
  2246 | D:3      | Reached XP level 5. HP: 34/34 MP: 5/5
  2246 | D:3      | Reached XP level 6. HP: 39/39 MP: 6/6
  2703 | D:3      | Noticed Sigmund
  2704 | D:3      | Reached skill level 7 in Staves
  3131 | D:3      | Killed Sigmund
  3132 | D:3      | Reached skill level 8 in Staves
  3132 | D:3      | Reached XP level 7. HP: 14/45 MP: 7/7
  3750 | D:4      | Noticed Duvessa
  3751 | D:4      | Noticed Dowan
  3762 | D:4      | Killed Duvessa
  3768 | D:4      | Killed Dowan
  4151 | D:4      | Killed from afar by an orc wizard

Illustrated notes

Levels and vault maps discovered:
D:1:      erik_arrival_triangle_huge, layout_rooms
D:2:      layout_basic
D:3:      layout_loops_ring, kennysheep_generic_room_9, uniq_sigmund,
          uniq_grinder
D:4:      layout_basic, kennysheep_generic_room_10, uniq_duvessa

Skill      XL: |  1  2  3  4  5  6 |
---------------+-------------------+-----
Staves         | 4 6 8 |  8.8
Fighting       | |  2.0
Throwing       | |  2.0
Dodging        | |  3.0

Action                   |  1- 3 |  4- 6 |  7- 9 || total
-------------------------+-------+-------+-------++-------
Melee: Quarterstaff      |    70 |    58 |    35 ||   163
       Constrict         |    21 |    19 |     8 ||    48
       Tentacles         |    17 |    12 |     8 ||    37
  Use: Potion            |       |     1 |       ||     1
 Stab: Sleeping          |     3 |     3 |     2 ||     8
Armor: Skin              |     7 |     2 |       ||     9
Dodge: Dodged            |    63 |    53 |    14 ||   130
